 Dungeon Crawl Stone Soup version 0.21-a0-79-g04744e2 (webtiles) character file.

2682070 smhtbhfam the End of an Era (level 27, 256/278 HPs)
             Began as a Red Draconian Artificer on June 21, 2017.
             Was the Champion of Qazlal.
             Escaped with the Orb
             ... and 4 runes on June 22, 2017!
             The game lasted 07:38:46 (60089 turns).

smhtbhfam the End of an Era (DrAr)                 Turns: 60089, Time: 07:38:47

Health: 256/278    AC: 21    Str: 17    XL:     27
Magic:  49/49      EV: 28    Int: 29    God:    Qazlal [******]
Gold:   1767       SH: 22    Dex: 23    Spells: 1/52 levels left

rFire    + + .     SeeInvis +   a - +9 demon whip (elec)
rCold    . . .     Gourm    .   A - +0 shield {reflect} {Donald}
rNeg     + + .     Faith    .   (armour unavailable)
rPois    .         Spirit   .   W - +2 hat {Int+3}
rElec    +         Reflect  +   T - +2 cloak of the King {MP+9}
rCorr    .         Harm     .   n - +0 pair of gloves "Copen" {rN+ Int+4 Dex+4}
MR       ++...                  e - +1 pair of boots {run}
Stlth    +.........             J - amulet of magic regeneration
HPRegen  1.56/turn              Q - ring "Boisuc" {rElec SInv}
MPRegen  0.56/turn              r - ring "Pupuatocw" {rF+ rN+ Int+5}

@: regenerating, repel missiles, quick
A: breathe fire, unfitting armour, agile 1, fire resistance 1, robust 1,
screaming 1, cold-blooded, AC +13
0: Orb of Zot
}: 4/15 runes: decaying, serpentine, slimy, silver
a: Breathe Fire, Upheaval, Elemental Force, Disaster Area, Renounce Religion


You escaped.
You worshipped Qazlal.
Qazlal was exalted by your worship.
You were full.

You visited 12 branches of the dungeon, and saw 58 of its levels.
You visited the Abyss 1 time.
You also visited: Ice Cave and Volcano.

You collected 8098 gold pieces.
You spent 6331 gold pieces at shops.

Inventory:

Hand Weapons
 a - a +9 demon whip of electrocution (weapon)
Missiles
 X - 2 throwing nets (quivered)
Armour
 e - a +1 pair of boots of running (worn)
 n - the +0 pair of gloves "Copen" (worn) {rN+ Int+4 Dex+4}
   (You bought it in a shop on level 1 of the Vaults)

   It affects your intelligence (+4).
   It affects your dexterity (+4).
   It protects you from negative energy.
 A - a +0 shield of reflection (worn) {Donald}
 T - the +2 cloak of the King (worn) {MP+9}
   (You acquired it on level 1 of the Elven Halls)

   It affects your magic capacity (+9).
 W - a +2 hat of intelligence (worn)
Magical Staves
 b - an uncursed staff of fire
Jewellery
 r - the ring "Pupuatocw" (right hand) {rF+ rN+ Int+5}
   (You took it off a vampire knight on level 3 of the Crypt)

   [ring of positive energy]

   It affects your intelligence (+5).
   It protects you from fire.
   It protects you from negative energy.
 I - an uncursed ring of resist corrosion
 J - an amulet of magic regeneration (around neck)
 N - an uncursed ring of protection from magic
 Q - the ring "Boisuc" (left hand) {rElec SInv}
   (You found it on level 6 of the Lair of Beasts)

   [ring of see invisible]

   It insulates you from electricity.
   It lets you see invisible.
 R - the ring of Qeseysi {Fire *Drain MR++ Str+4 Int+4}
   (You bought it in a shop on level 1 of the Depths)

   [ring of fire]

   It enhances your fire magic.
   It affects your strength (+4).
   It affects your intelligence (+4).
   It protects you from fire.
   It makes you vulnerable to cold.
   It affects your resistance to hostile enchantments.
   It causes draining when unequipped.
 V - an uncursed ring of protection from cold
Wands
 c - a wand of enslavement (15/24)
 j - a wand of scattershot (3/9)
 s - a wand of paralysis (19/24)
 D - a wand of confusion (12/48)
 G - a wand of clouds (4/9)
 H - a wand of acid (8/15)
 M - a wand of digging (15/24)
Scrolls
 f - 3 scrolls of recharging
 g - 13 scrolls of teleportation
 h - 3 scrolls of holy word {!r}
 l - 20 scrolls of remove curse {@r2}
 q - 8 scrolls of blinking
 t - 10 scrolls of identify {@r1}
 u - 4 scrolls of fear
 S - 5 scrolls of fog
Potions
 i - 4 potions of agility
 o - 5 potions of haste
 p - 3 potions of magic
 w - 3 potions of invisibility
 x - 2 potions of ambrosia
 z - 10 potions of curing {@q1}
 B - 2 potions of cancellation
 C - a potion of mutation {!q}
 E - 3 potions of heal wounds {@q2}
 L - 5 potions of might
 P - 7 potions of flight
 U - a potion of resistance
Books
 m - a book of Power

   Spells                             Type                      Level
   a - Iskenderun's Battlesphere      Conjuration/Charms           5
   b - Venom Bolt                     Conjuration/Poison           5
   c - Bolt of Magma                  Conjuration/Fire/Earth       5
   d - Iron Shot                      Conjuration/Earth            6
   e - Orb of Destruction             Conjuration                  7
   f - Spellforged Servitor           Conjuration/Summoning        7
Miscellaneous
 v - a lamp of fire
 y - 3 phantom mirrors
 K - a phial of floods
 Y - a lightning rod (4/4)
 Z - 2 sacks of spiders
Comestibles
 d - 11 bread rations
 k - 28 meat rations


   Skills:
 + Level 21.7 Fighting
   Level 1.0 Short Blades
 - Level 14.0 Maces & Flails
 + Level 16.6 Dodging
 - Level 0.8 Stealth
 - Level 15.0 Shields
 - Level 13.0 Spellcasting
 - Level 21.2 Conjurations
 - Level 6.3 Charms
 - Level 9.0 Summonings
 - Level 5.0 Necromancy
 - Level 8.1 Translocations
 - Level 21.1 Fire Magic
 - Level 4.0 Ice Magic
 - Level 3.0 Air Magic
 - Level 15.0 Earth Magic
 + Level 23.3 Invocations
 - Level 11.1 Evocations


You had one spell level left.
You knew the following spells:

 Your Spells              Type           Power        Failure   Level  Hunger
a - Animate Skeleton      Necr           N/A          1%          1    None
b - Song of Slaying       Chrm           ######..     1%          2    None
c - Passwall              Tmut/Erth      ######....   1%          2    None
d - Passage of Golubria   Tloc           N/A          1%          4    None
e - Bolt of Magma         Conj/Fire/Erth #######...   1%          5    ##.....
f - Ozocubu's Armour      Chrm/Ice       #####...     1%          3    None
g - Aura of Abjuration    Summ           ######....   1%          5    ##.....
h - Ignition              Fire           #######...   3%          8    #######
i - Orb of Destruction    Conj           #######...   1%          7    ######.
j - Iron Shot             Conj/Erth      #######...   1%          6    ####...
q - Regeneration          Chrm/Necr      ######....   1%          3    None
A - Apportation           Tloc           ######       1%          1    None
B - Blink                 Tloc           N/A          1%          2    None
P - Swiftness             Chrm/Air       #####...     1%          2    None


Dungeon Overview and Level Annotations

Branches:
Dungeon (15/15)              Lair (6/6) D:8           Swamp (4/4) Lair:2
  Snake (4/4) Lair:2        Slime (5/5) Lair:5          Orc (2/2) D:12
    Elf (3/3) Orc:2        Vaults (5/5) D:13          Crypt (3/3) Vaults:2
   Tomb (1/3) Crypt:3      Depths (5/5) D:15            Zot (5/5) Depths:5
 Temple: D:4-7

Altars:
Ashenzari
Dithmenos
Kikubaaqudgha
Nemelex Xobeh
Okawaru
Qazlal
Uskayaw
Vehumet
Wu Jian
Xom
Zin
The Shining One
Beogh
Jiyva
Lugonu

Shops:
D:9 [   D:12 (   Orc:2 !?(:   Elf:1 (   Vaults:1 !*[:   Vaults:4 (
Depths:1 }==

Portals:
Hell: Depths:1
Abyss: Depths:1 Depths:2 Depths:4

Annotations:
D:4 phantom
D:6 2 runed doors
D:7 2ho
D:11 red UT
D:13 rakshasa, vaults
D:15 exclusion: Roxanne, Roxanne
Lair:2 bee hive (glass, 4 oklobs: two pots, book), exclusion: 5 oklob plants


Innate Abilities, Weirdness & Mutations

You can breathe blasts of fire.
Your fiery red scales are hard. (AC +13)
You cannot fit into any form of body armour.
Your flesh is heat resistant. (rF+)
You are cold-blooded and may be slowed by cold attacks.
You are agile. (Dex +2)
You are robust. (+10% HP)
You occasionally shout uncontrollably at your foes.


Message History

Confirm with . or Enter, or press ? or * to list all spells.
Your skin crawls.
Evoke which item? (* to show all) (? for menu, Esc to quit)
Aiming: Dig
Press: ? - help, Shift-Dir - straight line The rock shatters into small pieces.
This wand has 15 charges left.
Your skin is crawling a little less now.
You hear a shout!
You see here a club.
You see here a stone.
Casting: Regeneration
Confirm with . or Enter, or press ? or * to list all spells.
Your skin crawls.
There is an open gate here.
There is an open door here.
Unknown command.
There is an open door here.
There is a staircase leading out of the dungeon here.
Unknown command.
You have escaped!

... .# #...(.....# #.# ###.##.#
#...§§#...# #.# .....#.#
##.......## #.# #....>.####
####'#### #####.# ####.###..##
##8.8## ##..##.#### ......#.≈..#
##'## ##..≈.#>...#
.....##.§§.####.§.####.≈≈.##.###
......#≈§§§#§#....§#≈#.§≈≈#..#.#
......#≈§≈≈#.'§§@.§'.#≈§.≈#..#.#
###.#.#≈§§§#≈#.§...#≈#.§≈.#..#.##
#.....#§≈§§####...####.≈≈.##.#...
#.....#§§§§# ##'## ##..≈.##.#.##
#.....##..## #...# ##..###.#.##
.......##### ####### #### #.#.##
###........##...#...# ### #.#.##
........##.#...§§#...###.# #.#.##
###.#....# #...§§....#...###.#.##


There were no monsters in sight!

Vanquished Creatures
  the Royal Jelly (Slime:5)
  Mennas (Depths:4)
  8 orbs of fire
  8 ancient liches
  2 juggernauts
  Mara (Crypt:3)
  Bai Suzhen (Snake:2)
  Saint Roka (Vaults:2)
  Frederick (Vaults:3)
  3 curse toes
  4 caustic shrikes (Depths:5)
  4 Killer Klowns
  16 golden dragons
  Nikola (Swamp:1)
  6 bone dragons
  The ghost of Kenran the Warrior, an adept DgFi (Vaults:1)
  10 liches
  5 electric golems
  26 tentacled monstrosities
  A shard shrike zombie (Crypt:2)
  An Ice Fiend (Zot:3)
  Jorgrun (Snake:3)
  26 Orb Guardians
  11 quicksilver dragons
  2 deep elf blademasters
  12 acid blobs
  2 ancient champions (Tomb:1)
  2 deep elf master archers
  3 titans
  15 death cobs
  10 sphinxes
  Frances (Elf:1)
  2 tentacled starspawn (Abyss:3)
  Kirke (D:14)
  14 storm dragons
  2 thorn hunters
  10 draconian monks
  7 tengu reavers
  18 shadow dragons
  7 azure jellies
  11 nagarajas
  3 draconian knights
  16 vault wardens
  6 draconian scorchers
  5 fire giants
  5 ghost moths
  Aizul (Swamp:3)
  6 deep elf sorcerers
  3 iron dragons
  11 draconian shifters
  5 deep elf elementalists
  4 frost giants
  2 curse skulls
  5 draconian stormcallers
  A reaper (Crypt:1)
  2 spriggan defenders (Depths:4)
  11 very ugly things
  20 ironheart preservers
  6 draconian annihilators
  10 ghouls
  8 war gargoyles
  10 vampire knights
  Nessos (Orc:2)
  13 stone giants
  10 green draconians
  4 deep elf annihilators (Elf:3)
  9 yellow draconians
  9 white draconians
  14 deep elf demonologists
  A dire elephant (Lair:6)
  Azrael (Snake:3)
  18 black draconians
  28 purple draconians
  11 red draconians
  4 spark wasps
  Snorg (Orc:1)
  A blizzard demon (D:3)
  4 crystal guardians
  10 ettins
  2 merfolk javelineers
  5 death oozes (Slime:5)
  3 eidola
  6 deep elf death magi
  3 mummy priests (Tomb:1)
  5 jiangshi
  10 fire dragons
  12 yaktaur captains
  4 deep elf high priests
  6 great orbs of eyes
  29 naga warriors
  39 vault guards
  4 death knights
  4 rakshasas
  14 hydras
  Erolcha (Orc:2)
  Erica (D:10)
  A catoblepas (Vaults:2)
  4 spriggan air magi
  21 ice dragons
  6 anacondas
  2 ghost crabs
  2 satyrs (shapeshifter)
  7 alligators
  22 ogre magi
  10 centaur warriors
  14 dancing weapons
  8 deep troll earth magi
  4 death scarabs (Tomb:1)
  8 deep troll shamans
  69 two-headed ogres
  15 tengu warriors
  7 vampire magi
  11 naga sharpshooters
  Urug (D:14)
  9 spriggan berserkers
  An orc high priest (Orc:1)
  12 hell knights
  6 soul eaters
  A storm dragon zombie (Crypt:3)
  4 shock serpents
  17 deep elf knights
  5 iron trolls
  27 skeletal warriors
  Nergalle (Orc:2)
  2 storm dragon skeletons
  A sixfirhy (Abyss:3)
  3 wretched stars (Abyss:3)
  19 deep trolls
  2 unseen horrors
  A sea snake (shapeshifter) (Vaults:4)
  6 wizards
  2 salamander mystics
  A golden dragon skeleton (Crypt:3)
  9 swamp dragons
  A glowing orange brain (shapeshifter) (Vaults:2)
  An anaconda zombie (Crypt:2)
  4 shambling mangroves
  A flayed ghost (Depths:4)
  4 glowing orange brains
  11 deep elf archers
  16 ironbrand convokers
  A lindwurm (shapeshifter) (D:15)
  A shadow dragon zombie (Crypt:2)
  7 phantasmal warriors
  8 naga ritualists
  14 necromancers
  5 mana vipers
  19 orc knights
  A wolf spider zombie (D:15)
  2 lindwurms (Lair:6)
  47 ugly things
  An oklob plant (Swamp:3)
  9 shining eyes
  11 harpies
  7 salamanders
  2 cyclopes (shapeshifter)
  12 orc sorcerers
  40 moths of wrath
  5 wolf spiders
  7 cyclopes
  47 deep elf magi
  5 manticores
  A frost giant zombie (Crypt:3)
  2 fire giant skeletons
  An iron dragon skeleton (Crypt:3)
  7 guardian serpents
  An eye of devastation (Slime:2)
  An elephant (shapeshifter) (Vaults:5)
  A large abomination (Abyss:3)
  16 elephants
  Joseph (D:7)
  An eye of devastation (shapeshifter) (Vaults:5)
  3 smoke demons
  16 vault sentinels
  Maurice (Orc:2)
  5 torpor snails (Lair:6)
  A stone giant skeleton (Tomb:1)
  An apocalypse crab (Abyss:3)
  20 black mambas
  3 gargoyles
  20 naga magi
  A dire elephant skeleton (Crypt:3)
  A rime drake (shapeshifter) (Vaults:5)
  A catoblepas zombie (Tomb:1)
  20 spiny frogs
  2 rime drakes (Lair:2)
  12 freezing wraiths
  45 yaktaurs
  A kobold demonologist (D:15)
  6 tengu conjurers
  A hellwing (Zot:3)
  9 komodo dragons
  2 ice devils (D:15)
  12 trolls
  5 guardian mummies
  A red devil (Depths:1)
  A grey draconian skeleton (Crypt:1)
  An ancient zyme (Abyss:3)
  A queen ant zombie (Crypt:1)
  A human skeleton (Vaults:4)
  A queen bee (Lair:2)
  A sea snake skeleton (Crypt:1)
  11 polar bears
  A meliai (shapeshifter) (Elf:2)
  2 polar bears (shapeshifter)
  A jumping spider (shapeshifter) (Depths:4)
  A fire dragon zombie (Crypt:3)
  2 harpy skeletons
  5 tyrant leeches
  A hippogriff (shapeshifter) (Vaults:2)
  7 raiju
  34 hornets
  A meliai zombie (D:13)
  A dream sheep (shapeshifter) (Depths:5)
  16 blink frogs
  107 slime creatures
  8 bog bodies
  An alligator zombie (Crypt:2)
  A guardian serpent skeleton (Crypt:2)
  36 flying skulls
  9 water elementals
  A vampire (D:15)
  2 fire dragon skeletons (Crypt:3)
  14 hippogriffs
  4 shadows
  A yak (shapeshifter) (Vaults:2)
  A spriggan (shapeshifter) (Vaults:3)
  8 wraiths
  8 air elementals
  5 wyverns
  An ettin skeleton (Crypt:3)
  2 ice dragon skeletons
  12 spriggans
  4 hogs (D:14)
  3 golden eyes
  2 ushabtiu (Tomb:1)
  A steam dragon (Lair:2)
  51 yaks
  6 fire elementals
  5 hungry ghosts
  6 basilisks
  15 vampire mosquitoes
  70 nagas
  A two-headed ogre zombie (D:12)
  A deep troll zombie (Vaults:5)
  14 wargs
  18 swamp worms
  22 water moccasins
  An acid dragon (D:14)
  A hydra simulacrum (Crypt:2)
  A floating eye (shapeshifter) (Depths:4)
  19 hell hounds
  9 porcupines
  40 orc warriors
  14 swamp drakes
  A sky beast (shapeshifter) (Vaults:2)
  A hornet zombie (D:8)
  An ice beast (D:11)
  10 sky beasts
  13 black bears
  37 ogres
  An ice beast (shapeshifter) (Vaults:4)
  5 eyes of draining
  8 necrophages
  A centaur (shapeshifter) (Vaults:5)
  12 boggarts
  5 phantoms
  19 wolves
  15 centaurs
  10 crocodiles
  A snapping turtle skeleton (Crypt:2)
  4 human zombies
  3 big kobolds
  A bullfrog (shapeshifter) (Vaults:5)
  13 bullfrogs
  3 wyvern zombies
  3 earth elementals
  3 wyvern skeletons
  A hornet simulacrum (D:14)
  8 scorpions
  A troll zombie (D:12)
  32 killer bees
  17 wights
  7 howler monkeys
  8 electric eels
  7 crimson imps
  2 quasits
  A black bear zombie (Crypt:1)
  2 centaur zombies
  19 orc priests
  7 hounds
  A bullfrog skeleton (D:11)
  5 centaur skeletons
  A gnoll shaman (D:5)
  A jelly (D:11)
  4 iguanas
  A porcupine zombie (Crypt:1)
  37 orc wizards
  4 lightning spires (Vaults:2)
  19 worker ants
  A porcupine skeleton (Crypt:1)
  6 ogre zombies (D:12)
  A naga skeleton (Crypt:1)
  A hound skeleton (D:4)
  4 mummies (Tomb:1)
  5 howler monkey skeletons
  7 gnolls
  16 adders
  2 shadow imps
  A white imp (Abyss:3)
  2 oozes (D:3)
  A ball lightning (Vaults:2)
  2 dart slugs
  8 leopard geckos
  107 orcs
  5 giant cockroaches
  A goblin (D:2)
  7 hobgoblins
  15 jackals
  19 kobolds
  9 quokkas
  2 ball pythons (Lair:2)
  4 frilled lizards
  2 goblin skeletons (D:12)
  6 goblin zombies (D:12)
  A hobgoblin zombie (D:12)
  A jackal skeleton (Crypt:2)
  A kobold skeleton (Crypt:3)
  A leopard gecko skeleton (Crypt:1)
  A leopard gecko zombie (D:5)
  3 orc skeletons (D:12)
  13 orc zombies (D:12)
  6 rats
  A briar patch (Swamp:4)
  A butterfly (Lair:5)
  5 crawling corpses
  A fungus (Lair:5)
2775 creatures vanquished.

Vanquished Creatures (collateral kills)
  2 acid blobs
  A thorn hunter (Swamp:2)
  Donald (Orc:2)
  An azure jelly (Slime:4)
  The ghost of tilp the Destroyer, a journeyman HOFE of Okawaru (Lair:1)
  An ettin (Vaults:5)
  A death ooze (Slime:5)
  A hydra (D:11)
  A two-headed ogre (Vaults:5)
  A raiju (Lair:6)
  A naga (Snake:4)
  An orc warrior (Orc:2)
  An eye of draining (Slime:4)
  A bullfrog (D:7)
  An orc wizard (D:7)
  A bullfrog skeleton (D:11)
  3 orcs
20 creatures vanquished.

Vanquished Creatures (others)
  A storm dragon (Zot:5)
  A draconian knight (Zot:1)
  A stone giant (Vaults:3)
  A fire dragon (Zot:3)
  4 centaur warriors
  An alligator (Swamp:4)
  A shock serpent (Snake:4)
  An unseen horror (D:12)
  2 deep elf archers
  A cyclops (Vaults:2)
  A moth of wrath (Zot:5)
  20 yaktaurs
  A hornet (Depths:3)
  A hippogriff (Lair:2)
  A wyvern (D:14)
  A ynoxinul (D:6)
  2 swamp worms (Swamp:4)
  A swamp drake (Swamp:4)
  A black bear (Lair:6)
  A boggart (Depths:4)
  5 killer bees
  An adder (Lair:2)
  3 ball lightnings (Vaults:2)
  3 orcs
  A jackal (D:2)
  4 briar patches
  A bush (Lair:2)
  A crawling corpse (Elf:3)
  16 fungi
  45 plants
  6 starspawn tentacles (Abyss:3)
130 creatures vanquished.

Grand Total: 2925 creatures vanquished

Notes
Turn   | Place    | Note
-------+----------+-------------------------------------------
     0 | D:1      | smhtbhfam the Draconian Artificer began the quest for the Orb.
     0 | D:1      | Reached XP level 1. HP: 16/16 MP: 3/3
   209 | D:1      | Reached skill level 2 in Fighting
   254 | D:1      | Reached XP level 2. HP: 20/25 MP: 4/4
   503 | D:2      | Reached skill level 3 in Fighting
   545 | D:2      | Reached XP level 3. HP: 18/31 MP: 5/5
   683 | D:2      | Found a stormy altar of Qazlal.
   722 | D:2      | Became a worshipper of Qazlal Stormbringer
   779 | D:2      | Found a shadowy altar of Dithmenos.
   983 | D:2      | Reached skill level 4 in Fighting
  1132 | D:3      | Reached XP level 4. HP: 41/41 MP: 6/6
  1180 | D:3      | Found a faded altar of an unknown god.
  1369 | D:4      | Reached skill level 5 in Fighting
  1436 | D:3      | Reached skill level 1 in Shields
  1436 | D:3      | Reached XP level 5. HP: 47/48 MP: 7/7
  1453 | D:4      | Reached * piety under Qazlal
  1479 | D:3      | Reached skill level 2 in Shields
  2175 | D:4      | Noticed a phantom
  2222 | D:4      | Reached skill level 1 in Maces & Flails
  2305 | D:4      | Reached XP level 6. HP: 40/56 MP: 8/8
  2371 | D:4      | Reached skill level 2 in Maces & Flails
  2526 | D:4      | Found a glowing golden altar of the Shining One.
  2639 | D:4      | Found a shimmering altar of Xom.
  2655 | D:5      | Entered Level 5 of the Dungeon
  2810 | D:5      | Found an iron altar of Okawaru.
  2823 | D:5      | Reached skill level 3 in Maces & Flails
  3045 | D:5      | Reached skill level 4 in Maces & Flails
  3239 | D:5      | Your scales start taking on a fiery red colour.
  3239 | D:5      | Reached XP level 7. HP: 59/61 MP: 9/9
  3239 | D:5      | Gained mutation: Your flesh is heat resistant. (rF+) [Red Draconian growth]
  3286 | D:5      | Reached skill level 5 in Maces & Flails
  3385 | D:6      | Found an ornate altar of the Wu Jian Council.
  3566 | D:6      | Reached ** piety under Qazlal
  3607 | D:6      | Reached skill level 6 in Maces & Flails
  3649 | D:5      | Reached skill level 1 in Invocations
  3773 | D:6      | Found a hide-covered altar of Uskayaw.
  3773 | D:6      | Noticed a hand axe
  3773 | D:6      | Noticed a hand axe
  3841 | D:6      | Reached XP level 8. HP: 59/68 MP: 10/10
  3849 | D:6      | Reached skill level 7 in Maces & Flails
  3849 | D:6      | Reached skill level 2 in Invocations
  4114 | D:6      | Found a runed door.
  4127 | D:6      | Found a runed door.
  4145 | D:6      | Noticed a hornet
  4154 | D:6      | Killed a hornet
  4154 | D:6      | Reached skill level 3 in Invocations
  4192 | D:6      | Found a sparkling altar of Nemelex Xobeh.
  4305 | D:7      | Reached skill level 8 in Maces & Flails
  4482 | D:7      | Noticed a two-headed ogre
  4533 | D:7      | Noticed Joseph
  4548 | D:7      | Reached skill level 4 in Invocations
  4901 | D:7      | Reached skill level 9 in Maces & Flails
  4973 | D:7      | Reached XP level 9. HP: 56/74 MP: 12/12
  5155 | D:7      | Reached skill level 5 in Invocations
  5370 | D:7      | Killed Joseph
  5474 | D:8      | Reached skill level 10 in Maces & Flails
  5535 | D:8      | Reached skill level 6 in Invocations
  5834 | D:8      | Reached skill level 3 in Shields
  5968 | D:8      | Found a staircase to the Lair.
  6067 | D:8      | Reached *** piety under Qazlal
  6082 | D:8      | Reached skill level 6 in Fighting
  6259 | D:8      | Reached skill level 4 in Shields
  6505 | D:9      | Reached skill level 5 in Shields
  6624 | D:9      | Reached XP level 10. HP: 66/83 MP: 14/14
  6635 | D:9      | Found Zin's Purification Station.
  6637 | D:9      | Found a glowing silver altar of Zin.
  6640 | D:9      | Bought a potion of curing for 90 gold pieces
  6749 | D:9      | Found a shattered altar of Ashenzari.
  6913 | D:9      | Reached skill level 6 in Shields
  7000 | D:9      | Found Soicere's Antique Armour Boutique.
  7008 | D:9      | Bought a runed cloak for 240 gold pieces
  7053 | D:10     | Entered Level 10 of the Dungeon
  7132 | D:10     | Gained mutation: Scrolls take you a little longer to read. [potion of mutation]
  7132 | D:10     | Gained mutation: Your tail ends in a poisonous barb. [potion of mutation]
  7132 | D:10     | Gained mutation: Your body sometimes deteriorates upon taking damage. [potion of mutation]
  7132 | D:10     | Gained mutation: You have a pair of small horns on your head. [potion of mutation]
  7133 | D:10     | Lost mutation: You have a pair of small horns on your head. [potion of mutation]
  7133 | D:10     | Lost mutation: Scrolls take you a little longer to read. [potion of mutation]
  7133 | D:10     | Lost mutation: Your tail ends in a poisonous barb. [potion of mutation]
  7133 | D:10     | Lost mutation: Your body sometimes deteriorates upon taking damage. [potion of mutation]
  7133 | D:10     | Gained mutation: You have an increased reservoir of magic. (+10% MP) [potion of mutation]
  7133 | D:10     | Gained mutation: You have sharp fingernails. [potion of mutation]
  7133 | D:10     | Lost mutation: You have sharp fingernails. [potion of mutation]
  7133 | D:10     | Gained mutation: Your spells are a little harder to cast, but a little more powerful. [potion of mutation]
  7171 | D:10     | Reached **** piety under Qazlal
  7281 | D:10     | Noticed Erica
  7287 | D:10     | Killed Erica
  7287 | D:10     | Reached skill level 11 in Maces & Flails
  7340 | D:10     | Noticed a deep elf mage
  7350 | D:10     | Killed a deep elf mage
  7350 | D:10     | Reached skill level 7 in Invocations
  7381 | D:10     | Reached skill level 7 in Shields
  7783 | D:10     | Reached skill level 2 in Dodging
  8123 | D:11     | Noticed an eight-headed hydra
  8130 | D:11     | Noticed a manticore
  8130 | D:11     | Killed an eight-headed hydra
  8130 | D:11     | Reached XP level 11. HP: 89/89 MP: 11/18
  8136 | D:11     | Noticed a white ugly thing
  8143 | D:11     | Reached skill level 12 in Maces & Flails
  8148 | D:11     | Killed a white ugly thing
  8379 | D:11     | Reached skill level 3 in Dodging
  8379 | D:11     | Reached skill level 8 in Invocations
  8603 | D:11     | Noticed a red ugly thing
  8643 | D:10     | Reached skill level 8 in Shields
  8866 | D:9      | Bought a pair of gloves for 144 gold pieces
  9051 | Lair:1   | Entered Level 1 of the Lair of Beasts
  9051 | Lair:1   | Noticed tilp's ghost (journeyman HOFE)
  9071 | D:8      | undoable
  9335 | D:11     | Reached skill level 4 in Dodging
  9736 | D:12     | Noticed a deep elf mage
  9769 | D:12     | Reached skill level 7 in Fighting
  9769 | D:12     | Reached skill level 4 in Evocations
  9776 | D:12     | Noticed a brown ugly thing
  9783 | D:12     | Killed a brown ugly thing
  9783 | D:12     | Reached skill level 5 in Dodging
  9879 | D:12     | magical unkillable orc
 10037 | D:12     | Found Moduqohu's Antique Weapon Shop.
 10038 | D:12     | Killed an unseen horror
 10049 | D:12     | did that cyclops kill the unseen horror?
 10120 | D:12     | Noticed a two-headed ogre
 10126 | D:12     | Killed a two-headed ogre
 10126 | D:12     | Reached skill level 6 in Dodging
 10187 | D:12     | Killed a deep elf mage
 10204 | D:12     | Reached XP level 12. HP: 80/101 MP: 17/19
 10328 | D:12     | Found a staircase to the Orcish Mines.
 10357 | D:12     | Reached skill level 8 in Fighting
 10554 | D:12     | STATUS:
 10554 | D:12     | - no weapon but demon whip in a shop for 500+ gold
 10554 | D:12     | - no MR or any amulets at all
 10554 | D:12     | - Lair blocked by a HOFE with a venom weapon
 10554 | D:12     | - Orc just found
 10554 | D:12     | - /conf with a lot of charges available, /scattershot with 0 charges
 10556 | D:12     | - !HW, !degen, !res, !might, ?blink not identified
 10556 | D:12     | - ?summoning already known
 10632 | D:13     | Noticed a death knight
 10633 | D:13     | Reached ***** piety under Qazlal
 10666 | Orc:1    | Entered Level 1 of the Orcish Mines
 10666 | Orc:1    | Found a roughly hewn altar of Beogh.
 10694 | D:12     | meh, can't go there either
 10694 | D:12     | i just want some gold
 10733 | D:13     | Noticed a tengu warrior
 10799 | D:12     | Noticed a two-headed ogre
 10825 | D:12     | Killed a two-headed ogre
 10858 | D:13     | ...
 10860 | D:12     | ok, out
 11013 | Lair:1   | Killed tilp's ghost
 11013 | Lair:1   | Reached skill level 13 in Maces & Flails
 11015 | Lair:1   | good
 11156 | Lair:1   | Learned a level 3 spell: Regeneration
 11158 | Lair:1   | Learned a level 1 spell: Animate Skeleton
 11165 | Lair:1   | Reached skill level 5 in Evocations
 11406 | Lair:2   | shit
 11788 | Lair:2   | Found a staircase to the Snake Pit.
 11848 | Lair:2   | Reached skill level 9 in Invocations
 11857 | Lair:2   | Reached skill level 14 in Maces & Flails
 11948 | Lair:2   | jesus this level is full of bees
 11948 | Lair:2   | i must have woken up the whole hive at once
 12033 | Lair:2   | Reached skill level 9 in Fighting
 12136 | Lair:2   | Reached XP level 13. HP: 102/111 MP: 22/22
 12550 | Lair:2   | Reached skill level 10 in Fighting
 12636 | Lair:2   | Found a staircase to the Swamp.
 12742 | Lair:3   | Reached skill level 10 in Invocations
 12842 | Lair:3   | Found a dark tunnel.
 12859 | Volcano  | Entered a volcano
 13012 | Volcano  | Reached skill level 11 in Fighting
 13208 | Lair:3   | morningstar, finally
 13208 | Lair:3   | but there's that demon whip in the shop, so screw it
 13766 | Lair:3   | Reached skill level 12 in Fighting
 13815 | Lair:3   | nice, dragon gold stash
 14015 | D:12     | Bought a glowing demon whip for 540 gold pieces
 14016 | D:12     | elec demon whip
 14016 | D:12     | gee gee no re
 14218 | Lair:4   | Reached skill level 11 in Invocations
 14263 | Lair:4   | snake swamp, so invis won't be very useful
 14263 | Lair:4   | so i'm not even sure if i should train evo at all
 14656 | Lair:5   | Reached skill level 7 in Dodging
 14846 | Lair:5   | Found a viscous altar of Jiyva.
 14846 | Lair:5   | Found a staircase to the Slime Pits.
 15091 | Lair:6   | Entered Level 6 of the Lair of Beasts
 15177 | Lair:6   | Learned a level 2 spell: Song of Slaying
 15220 | Lair:5   | Reached XP level 14. HP: 127/127 MP: 24/24
 15374 | Lair:6   | Reached ****** piety under Qazlal
 15410 | Lair:6   | Reached skill level 9 in Shields
 15512 | Lair:6   | Reached skill level 13 in Fighting
 15638 | Lair:6   | Found a runed door.
 15963 | Lair:6   | Got a heavily runed amber ring
 16211 | Lair:6   | Reached skill level 6 in Evocations
 16305 | Lair:6   | Reached skill level 7 in Evocations
 16756 | D:12     | Reached skill level 8 in Evocations
 16950 | D:13     | Reached skill level 8 in Dodging
 17053 | D:13     | STATUS:
 17053 | D:13     | - clearing late D
 17053 | D:13     | - orc still left, sorcerer near stairs and no MR
 17053 | D:13     | - training pretty straight forward, no game changing magic yet
 17096 | D:13     | Identified the ring "Boisuc" {rElec SInv} (You found it on level 6 of the Lair of Beasts)
 17409 | D:13     | Identified a scroll of acquirement
 17465 | D:13     | Reached skill level 14 in Fighting
 17538 | D:13     | Learned a level 2 spell: Swiftness
 17555 | D:13     | Reached skill level 12 in Invocations
 17664 | D:13     | Learned a level 4 spell: Summon Lightning Spire
 17726 | D:14     | Reached XP level 15. HP: 138/138 MP: 26/26
 17732 | D:14     | Noticed Kirke
 17744 | D:14     | Noticed Urug
 17750 | D:14     | Killed Urug
 17757 | D:14     | Reached skill level 10 in Shields
 17764 | D:14     | Killed Kirke
 17935 | D:14     | Found a sparkling altar of Nemelex Xobeh.
 18403 | D:15     | Entered Level 15 of the Dungeon
 18566 | D:15     | Reached skill level 9 in Dodging
 18591 | D:15     | Reached skill level 15 in Fighting
 18609 | D:15     | Found a frozen archway.
 18618 | IceCv    | Entered an ice cave
 18623 | D:15     | no, this can very seriously kill me
 18746 | D:15     | Reached skill level 1 in Charms
 18791 | D:15     | Noticed Roxanne
 19029 | D:15     | Reached skill level 2 in Charms
 19217 | D:13     | Reached skill level 1 in Necromancy
 19346 | Swamp:1  | Entered Level 1 of the Swamp
 19440 | Swamp:2  | Reached skill level 2 in Necromancy
 19450 | Swamp:2  | Reached skill level 3 in Charms
 19470 | Swamp:2  | Noticed a thorn hunter
 19476 | Swamp:2  | Killed a thorn hunter
 19476 | Swamp:2  | Reached skill level 3 in Necromancy
 19566 | Swamp:2  | Reached skill level 4 in Charms
 19567 | Swamp:2  | oh wait
 19567 | Swamp:2  | i forgot to go to orc
 19567 | Swamp:2  | oooops
 19572 | Swamp:2  | Learned a level 2 spell: Blink
 19644 | Swamp:2  | Reached skill level 1 in Translocations
 19892 | Orc:1    | Noticed Snorg
 19898 | Orc:1    | Reached skill level 2 in Translocations
 19916 | Orc:1    | Killed Snorg
 20114 | Orc:2    | Entered Level 2 of the Orcish Mines
 20114 | Orc:2    | Noticed Nessos
 20119 | Orc:2    | Killed Nessos
 20119 | Orc:2    | Reached skill level 3 in Translocations
 20129 | Orc:2    | Noticed Maurice
 20137 | Orc:2    | Killed Maurice
 20243 | Orc:2    | Found a staircase to the Elven Halls.
 20275 | Orc:2    | Found a roughly hewn altar of Beogh.
 20453 | Orc:2    | Reached XP level 16. HP: 149/149 MP: 28/28
 20555 | Orc:2    | Found a radiant altar of Vehumet.
 20556 | Orc:2    | Noticed Erolcha
 20559 | Orc:2    | Killed Erolcha
 20584 | Orc:2    | Found Cawustur's Antique Weapon Boutique.
 20608 | Orc:2    | Reached skill level 11 in Shields
 20608 | Orc:2    | Reached skill level 13 in Invocations
 20662 | Orc:2    | Reached skill level 4 in Translocations
 20675 | Orc:2    | Noticed Nergalle
 20691 | Orc:2    | Killed Nergalle
 20723 | Orc:2    | Found an ancient bone altar of Kikubaaqudgha.
 20740 | Orc:2    | Found Fecet's Book Boutique.
 20782 | Orc:2    | Found a roughly hewn altar of Beogh.
 20795 | Orc:2    | Found Jurimp's Distillery.
 20802 | Orc:2    | Found Eqaaczes's Magic Scroll Shop.
 20813 | Orc:2    | Bought a scroll of blinking for 112 gold pieces
 20813 | Orc:2    | Bought a scroll of teleportation for 45 gold pieces
 20822 | Orc:2    | Bought a potion of heal wounds for 50 gold pieces
 20822 | Orc:2    | Bought a potion of heal wounds for 50 gold pieces
 20822 | Orc:2    | Bought 2 potions of might for 80 gold pieces
 20822 | Orc:2    | Bought a potion of haste for 100 gold pieces
 20822 | Orc:2    | Bought a potion of agility for 40 gold pieces
 20822 | Orc:2    | Bought a potion of mutation for 80 gold pieces
 20831 | Orc:2    | Bought a scroll of identify for 30 gold pieces
 20831 | Orc:2    | Bought a scroll of identify for 30 gold pieces
 20831 | Orc:2    | Bought a scroll of identify for 30 gold pieces
 20831 | Orc:2    | Bought a scroll of identify for 30 gold pieces
 20839 | Orc:2    | Bought a scroll of recharging for 142 gold pieces
 20839 | Orc:2    | Bought a scroll of enchant weapon for 112 gold pieces
 20979 | Orc:2    | Noticed Donald
 20992 | Orc:2    | Killed Donald
 20992 | Orc:2    | Reached skill level 5 in Translocations
 21567 | Swamp:1  | Noticed Nikola
 21584 | Swamp:1  | Killed Nikola
 21863 | Swamp:3  | Noticed a thorn hunter
 21883 | Swamp:3  | Killed a thorn hunter
 22309 | Swamp:4  | Entered Level 4 of the Swamp
 22436 | Swamp:4  | Noticed Aizul
 22458 | Swamp:3  | Killed Aizul
 22525 | Swamp:3  | HP: 29/149 [spiny frog (15)]
 22679 | Swamp:4  | Reached skill level 12 in Shields
 22866 | Swamp:4  | Reached skill level 1 in Spellcasting
 22866 | Swamp:4  | Reached skill level 4 in Necromancy
 22917 | Swamp:4  | Reached skill level 2 in Spellcasting
 22946 | Swamp:4  | Reached skill level 3 in Spellcasting
 23000 | Swamp:4  | Noticed a thorn hunter
 23268 | Swamp:4  | Killed a thorn hunter
 23268 | Swamp:4  | Reached skill level 4 in Spellcasting
 23268 | Swamp:4  | Reached skill level 5 in Necromancy
 23284 | Swamp:4  | Reached skill level 5 in Charms
 23482 | Swamp:3  | Learned a level 2 spell: Passwall
 23512 | Swamp:3  | Reached XP level 17. HP: 131/156 MP: 24/29
 23680 | Swamp:4  | Reached skill level 6 in Charms
 23714 | Swamp:4  | Got a decaying rune of Zot
 23897 | Snake:1  | Entered Level 1 of the Snake Pit
 24035 | Snake:2  | Reached skill level 1 in Air Magic
 24315 | Snake:3  | Reached skill level 2 in Air Magic
 24320 | Snake:3  | Reached skill level 10 in Dodging
 24325 | Snake:3  | Noticed Azrael
 24337 | Snake:3  | Noticed Bai Suzhen
 24337 | Snake:3  | jesus
 24371 | Snake:2  | Killed Bai Suzhen
 24371 | Snake:2  | Reached skill level 3 in Air Magic
 24502 | Snake:3  | Killed Azrael
 24753 | Snake:3  | Reached skill level 14 in Invocations
 24764 | Snake:3  | Noticed Jorgrun
 24791 | Snake:3  | Killed Jorgrun
 24859 | Snake:3  | Reached skill level 16 in Fighting
 24910 | Snake:4  | Entered Level 4 of the Snake Pit
 25198 | Snake:4  | 51% = 1 in 7
 25681 | Snake:4  | Reached skill level 13 in Shields
 26290 | Snake:4  | Reached XP level 18. HP: 168/168 MP: 28/31
 26460 | Snake:4  | Reached skill level 11 in Dodging
 26663 | Snake:4  | Reached skill level 15 in Invocations
 26720 | Snake:4  | of course it's not this lung
 26720 | Snake:4  | hurr durr
 26720 | Snake:4  | fuck snake
 26973 | Snake:4  | Reached skill level 14 in Shields
 27074 | Snake:4  | Got a serpentine rune of Zot
 27591 | D:13     | Found a gate to the Vaults.
 27601 | Vaults:1 | Entered Level 1 of the Vaults
 27602 | Vaults:1 | Upgraded the game from 0.21-a0-78-g82a99e0 to 0.21-a0-79-g04744e2
 27694 | Vaults:1 | Reached skill level 16 in Invocations
 27707 | Vaults:1 | Noticed Kenran's ghost (adept DgFi)
 27837 | Vaults:1 | Killed Kenran's ghost
 27837 | Vaults:1 | Reached skill level 15 in Shields
 28070 | Swamp:2  | Learned a level 4 spell: Passage of Golubria
 28267 | Snake:4  | Reached skill level 6 in Translocations
 28325 | Snake:4  | Learned a level 5 spell: Bolt of Magma
 28325 | Snake:4  | to maybe practice relevant schools later
 28325 | Snake:4  | not to actually use it
 28805 | Vaults:1 | Found Qorrah's Distillery.
 28813 | Vaults:1 | Bought a potion of heal wounds for 95 gold pieces
 28813 | Vaults:1 | Bought a potion of curing for 57 gold pieces
 28813 | Vaults:1 | Bought a potion of mutation for 152 gold pieces
 28813 | Vaults:1 | Bought a potion of heal wounds for 95 gold pieces
 28813 | Vaults:1 | Bought a potion of lignification for 57 gold pieces
 28946 | Vaults:1 | Reached skill level 7 in Translocations
 29097 | Vaults:1 | Reached XP level 19. HP: 173/174 MP: 34/34
 29124 | Vaults:1 | Reached skill level 8 in Translocations
 29135 | Vaults:1 | Reached skill level 5 in Spellcasting
 29181 | Vaults:1 | Found Cokhupt's General Store.
 29298 | Vaults:1 | Reached skill level 6 in Spellcasting
 29360 | Vaults:1 | Found Nexkenai's Antique Armour Shop.
 29361 | Vaults:1 | Bought a scroll of identify for 34 gold pieces
 29399 | Vaults:1 | Bought a pair of distressingly furry gloves for 294 gold pieces
 29411 | Vaults:1 | Identified the cursed +0 pair of gloves "Copen" {rN+ Int+4 Dex+4} (You bought it in a shop on level 1 of the Vaults)
 29427 | Vaults:1 | Bought a pair of runed boots for 232 gold pieces
 29440 | Vaults:1 | Identified a +0 pair of boots of running (You bought it in a shop on level 1 of the Vaults)
 29703 | Orc:2    | Bought a book of Frost for 420 gold pieces
 29707 | Orc:2    | Learned a level 3 spell: Ozocubu's Armour
 29852 | Vaults:1 | Reached skill level 1 in Ice Magic
 29876 | Vaults:1 | Found Touq's Book Emporium.
 29896 | Vaults:1 | Reached skill level 2 in Ice Magic
 30091 | Vaults:1 | Reached skill level 3 in Ice Magic
 30136 | Vaults:1 | Reached skill level 4 in Ice Magic
 30259 | Vaults:1 | Learned a level 5 spell: Aura of Abjuration
 30307 | Vaults:2 | Noticed Saint Roka
 30337 | Vaults:1 | Reached skill level 1 in Summonings
 30401 | Vaults:1 | Reached skill level 2 in Summonings
 30512 | Vaults:2 | Reached skill level 3 in Summonings
 30655 | Vaults:2 | Identified Kesase's Compendium of Lightness
 30701 | Vaults:2 | Reached skill level 4 in Summonings
 30752 | Vaults:2 | Found a staircase to the Crypt.
 30823 | Vaults:2 | Reached skill level 5 in Summonings
 31003 | Vaults:2 | Reached skill level 6 in Summonings
 31069 | Vaults:2 | Reached skill level 17 in Fighting
 31165 | Vaults:2 | Killed Saint Roka
 31240 | Vaults:2 | Reached skill level 7 in Summonings
 31306 | Vaults:3 | Reached XP level 20. HP: 138/184 MP: 32/35
 31489 | Vaults:3 | Reached skill level 8 in Summonings
 31513 | Vaults:2 | Noticed Frederick
 31695 | Vaults:3 | Reached skill level 17 in Invocations
 31849 | Vaults:3 | Reached skill level 9 in Summonings
 31895 | Vaults:3 | Reached skill level 1 in Fire Magic
 31915 | Vaults:3 | Reached skill level 2 in Fire Magic
 32016 | Vaults:3 | Reached skill level 3 in Fire Magic
 32059 | Vaults:3 | Reached skill level 4 in Fire Magic
 32156 | Vaults:3 | Killed Frederick
 32156 | Vaults:3 | Reached skill level 5 in Fire Magic
 32260 | Vaults:2 | Reached skill level 6 in Fire Magic
 32283 | Vaults:2 | Identified the Tome of the Mountains
 32564 | Vaults:3 | Reached skill level 7 in Fire Magic
 32793 | Vaults:4 | Reached skill level 18 in Fighting
 32873 | Vaults:4 | Reached skill level 8 in Fire Magic
 33015 | Vaults:4 | Found Qonutops's Antique Weapon Emporium.
 33164 | Vaults:4 | Reached skill level 9 in Fire Magic
 33259 | Vaults:4 | Reached XP level 21. HP: 122/194 MP: 30/37
 33333 | Vaults:4 | Reached skill level 10 in Fire Magic
 33354 | Vaults:4 | Reached skill level 18 in Invocations
 33679 | Vaults:4 | Reached skill level 11 in Fire Magic
 34472 | Elf:1    | Entered Level 1 of the Elven Halls
 34601 | Elf:2    | Reached skill level 12 in Fire Magic
 34712 | Elf:1    | Noticed Frances
 34743 | Elf:1    | Killed Frances
 34809 | Elf:3    | Entered Level 3 of the Elven Halls
 34887 | Elf:3    | Cast into level 3 of the Abyss (a deep elf demonologist)
 34888 | Abyss:3  | yep, this is a problem too
 34888 | Abyss:3  | a big one
 34926 | Abyss:3  | Found a corrupted altar of Lugonu.
 34970 | Abyss:3  | Reached skill level 7 in Spellcasting
 35068 | Elf:3    | Escaped the Abyss
 35164 | Elf:3    | Reached skill level 13 in Fire Magic
 35399 | Elf:3    | Reached skill level 8 in Spellcasting
 35441 | Elf:3    | Identified the cursed +0 battleaxe of Wetapram {chop, rN++} (You took it off a deep elf high priest on level 3 of the Elven Halls)
 35537 | Elf:3    | Reached skill level 14 in Fire Magic
 35572 | Elf:1    | Found Hoxyt's Antique Weapon Boutique.
 35588 | Elf:1    | Got a jewelled cloak
 35599 | Elf:1    | Identified the +2 cloak of the King {MP+9} (You acquired it on level 1 of the Elven Halls)
 35599 | Elf:1    | hm
 35599 | Elf:1    | nah, fuck this tbh
 35807 | Elf:1    | Identified Qulauhur's Tome of the Escort
 35924 | Elf:1    | 5 summons and 4 out of them are fiends
 36045 | Elf:2    | Reached skill level 19 in Invocations
 36179 | Elf:2    | Reached XP level 22. HP: 202/202 MP: 39/39
 36476 | Elf:3    | yeah, there are randarts here
 36476 | Elf:3    | all body armor
 36476 | Elf:3    | :/
 36680 | Vaults:1 | Bought a book of Fire for 780 gold pieces
 36689 | Vaults:1 | Learned a level 8 spell: Ignition
 36689 | Vaults:1 | 82% huh
 36689 | Vaults:1 | oh well
 36689 | Vaults:1 | oh right, i have this mutation
 36689 | Vaults:1 | that doesn't help at all with high level spells
 36689 | Vaults:1 | OH WELL
 36824 | Vaults:4 | come on guys
 36824 | Vaults:4 | like
 36824 | Vaults:4 | WHAT CAN GO WRONG
 36825 | Vaults:5 | Entered Level 5 of the Vaults
 36876 | Vaults:4 | Reached skill level 15 in Fire Magic
 37174 | Vaults:5 | Reached skill level 9 in Evocations
 37235 | Vaults:4 | Reached skill level 16 in Fire Magic
 37736 | Vaults:4 | Reached skill level 17 in Fire Magic
 37748 | Vaults:5 | Reached skill level 10 in Evocations
 38089 | Vaults:5 | Noticed a golden dragon
 38128 | Vaults:5 | Killed a golden dragon
 38128 | Vaults:5 | Reached skill level 18 in Fire Magic
 38199 | Vaults:5 | Noticed a golden dragon
 38230 | Vaults:5 | Killed a golden dragon
 38301 | Vaults:5 | one wizardry, 34% -> 14%
 38301 | Vaults:5 | jesus
 38347 | Vaults:5 | Reached XP level 23. HP: 200/209 MP: 40/40
 38393 | Vaults:5 | Reached skill level 11 in Evocations
 38408 | Vaults:5 | Noticed an ancient lich
 38628 | Vaults:5 | Got a silver rune of Zot
 38695 | Vaults:5 | Killed an ancient lich
 38771 | Vaults:5 | Reached skill level 19 in Fire Magic
 38867 | Vaults:5 | like i said - there are uniques, jsut not the kind i could wear
 38889 | Vaults:5 | do you think i can do slime
 38889 | Vaults:5 | XD
 38889 | Vaults:5 | hm
 38889 | Vaults:5 | no rC and rCorr at the same time tho
 38991 | Vaults:5 | i don't even know why i'm learning ignition
 38991 | Vaults:5 | it's not like i want to cast it
 39232 | Orc:2    | Bought a book of Cantrips for 240 gold pieces
 39234 | Orc:2    | Learned a level 1 spell: Apportation
 39257 | Orc:2    | Bought a runed broad axe for 196 gold pieces
 39258 | Orc:2    | meh
 39525 | Lair:5   | seems like it's unlikely that i'll be able to cast fire storm
 39525 | Lair:5   | or is it
 39532 | Lair:5   | won't hurt to try though
 39532 | Lair:5   | "won't"
 39532 | Lair:5   | "hurt"
 39569 | Lair:5   | there's absolutely nothing that can go wrong here
 39570 | Slime:1  | Entered Level 1 of the Pits of Slime
 39758 | Lair:5   | Reached skill level 9 in Spellcasting
 39774 | Lair:5   | piece of cake
 40126 | Slime:3  | Reached skill level 20 in Fire Magic
 40305 | Slime:5  | Entered Level 5 of the Pits of Slime
 40368 | Slime:5  | Gained mutation: Scrolls take you a little longer to read. [a shining eye]
 40369 | Slime:5  | Paralysed by a great orb of eyes for 5 turns
 40382 | Slime:4  | HP: 40/209 [acid (3)]
 40428 | Slime:3  | repeat after me
 40428 | Slime:3  | nothing wrong nothing wrong nothing wrong nothing wrong nothing wrong
 40729 | Slime:5  | Reached skill level 10 in Spellcasting
 40762 | Slime:5  | J U S T F I N E
 40782 | Slime:5  | Found a viscous altar of Jiyva.
 40784 | Slime:5  | i wonder where the big guy went
 40805 | Slime:5  | btw there's one artifact here
 40805 | Slime:5  | a robe
 40805 | Slime:5  | :^)
 40821 | Slime:5  | oh and two amulets in the game so far
 40821 | Slime:5  | does not exploring everything really makes such a difference?
 40845 | Slime:5  | Noticed the Royal Jelly
 40887 | Slime:5  | Killed the Royal Jelly
 40957 | Slime:5  | Got a slimy rune of Zot
 41070 | Slime:5  | Identified the Disquisition on Combat Magic
 41092 | Slime:4  | Gained mutation: You are weak. (Str -2) [a shining eye]
 41126 | Lair:5   | Lost mutation: Your spells are a little harder to cast, but a little more powerful. [potion of mutation]
 41126 | Lair:5   | Lost mutation: Scrolls take you a little longer to read. [potion of mutation]
 41126 | Lair:5   | Lost mutation: You are weak. (Str -2) [potion of mutation]
 41126 | Lair:5   | Gained mutation: You are frail. (-10% HP) [potion of mutation]
 41126 | Lair:5   | Gained mutation: You are clumsy. (Dex -2) [potion of mutation]
 41126 | Lair:5   | Gained mutation: Scrolls take you a little longer to read. [potion of mutation]
 41126 | Lair:5   | Gained mutation: You have sharp toenails. [potion of mutation]
 41127 | Lair:5   | Lost mutation: You are clumsy. (Dex -2) [potion of mutation]
 41127 | Lair:5   | Lost mutation: You have sharp toenails. [potion of mutation]
 41127 | Lair:5   | Lost mutation: You have an increased reservoir of magic. (+10% MP) [potion of mutation]
 41127 | Lair:5   | Lost mutation: You are frail. (-10% HP) [potion of mutation]
 41127 | Lair:5   | Gained mutation: You are dopey. (Int -2) [potion of mutation]
 41127 | Lair:5   | Lost mutation: Scrolls take you a little longer to read. [potion of mutation]
 41127 | Lair:5   | Gained mutation: You have a pair of small antennae on your head. [potion of mutation]
 41128 | Lair:5   | Lost mutation: You are dopey. (Int -2) [potion of mutation]
 41128 | Lair:5   | Lost mutation: You have a pair of small antennae on your head. [potion of mutation]
 41128 | Lair:5   | Gained mutation: Your mind is acute. (Int +2) [potion of mutation]
 41128 | Lair:5   | Gained mutation: Your flesh is cold resistant. (rC+) [potion of mutation]
 41128 | Lair:5   | Gained mutation: You are clumsy. (Dex -2) [potion of mutation]
 41128 | Lair:5   | Gained mutation: Your mind is very acute. (Int +4) [potion of mutation]
 41137 | Lair:5   | ok, i can cast ignition
 41137 | Lair:5   | what now
 41138 | Lair:5   | where's fire storm when you need it
 41379 | Vaults:1 | maybe it's in crypt
 41438 | Crypt:1  | Entered Level 1 of the Crypt
 41511 | Crypt:1  | Reached skill level 21 in Fire Magic
 41518 | Crypt:1  | Reached skill level 1 in Conjurations
 41603 | Crypt:1  | Reached skill level 2 in Conjurations
 42121 | Crypt:1  | Reached skill level 3 in Conjurations
 42213 | Crypt:1  | Reached skill level 4 in Conjurations
 42215 | Crypt:1  | Reached XP level 24. HP: 106/216 MP: 9/37
 42388 | Crypt:2  | Reached skill level 5 in Conjurations
 42490 | Crypt:2  | so this is what reaver playstyle is like
 42490 | Crypt:2  | melee + conjurations
 42490 | Crypt:2  | funny
 42506 | Crypt:2  | Reached skill level 6 in Conjurations
 42568 | Crypt:3  | Entered Level 3 of the Crypt
 42750 | Crypt:1  | Reached skill level 7 in Conjurations
 42975 | Crypt:3  | Reached skill level 8 in Conjurations
 43114 | Crypt:3  | Noticed Mara
 43463 | Crypt:3  | Reached skill level 12 in Dodging
 43532 | Crypt:3  | Reached skill level 9 in Conjurations
 43584 | Crypt:3  | Killed Mara
 43652 | Crypt:3  | Found a staircase to the Tomb.
 43884 | Crypt:3  | Reached skill level 10 in Conjurations
 43895 | Crypt:3  | Noticed an ancient lich
 43957 | Crypt:3  | Killed an ancient lich
 44088 | Crypt:3  | undeadhunter in crypt:3
 44088 | Crypt:3  | pretty funny
 44114 | Crypt:3  | Found an ancient bone altar of Kikubaaqudgha.
 44147 | Crypt:3  | 3rd amulet of the game
 44262 | Crypt:3  | Identified the ring "Pupuatocw" {rF+ rN+ Int+5} (You took it off a vampire knight on level 3 of the Crypt)
 44263 | Crypt:3  | oh
 44263 | Crypt:3  | this is nice
 44318 | Crypt:3  | Got a smoking platinum ring
 44319 | Crypt:3  | Identified the ring of Reimbursement {-Tele rElec rN+ Int+2 SInv Stlth+} (You found it on level 3 of the Crypt)
 44320 | Crypt:3  | hm
 44320 | Crypt:3  | but -tele
 44408 | Tomb:1   | Entered Level 1 of the Tomb of the Ancients
 44521 | Tomb:1   | Reached skill level 11 in Conjurations
 44951 | Tomb:1   | Noticed a greater mummy
 44953 | Tomb:1   | HP: 39/216 [??? (24)]
 45008 | Crypt:3  | no
 45008 | Crypt:3  | this is pointless
 45008 | Crypt:3  | you need either big regen+defences or statue
 45008 | Crypt:3  | and rN+++ is mandatory
 45278 | D:15     | Found a staircase to the Depths.
 45318 | Depths:1 | Entered Level 1 of the Depths
 45361 | Depths:1 | Reached skill level 12 in Conjurations
 45473 | Depths:1 | Reached XP level 25. HP: 200/224 MP: 29/37
 45515 | Depths:1 | i must say this is pretty damn useful for gangbang parties down here
 45613 | Depths:1 | Found a gateway to Hell.
 45680 | Depths:1 | Reached skill level 20 in Invocations
 45699 | Depths:1 | Found Muyr's Gadget Boutique.
 45699 | Depths:1 | Found Xotoli's Jewellery Shoppe.
 45701 | Depths:1 | Found Fogau's Jewellery Shoppe.
 45724 | Depths:1 | Bought an uncursed amulet of regeneration for 510 gold pieces
 45728 | Depths:1 | i'd rather take "regen that sh+3
 45814 | Depths:1 | Bought the ring of Qeseysi {Fire *Drain MR++ Str+4 Int+4} for 774 gold pieces
 45896 | Depths:1 | Found a corrupted altar of Lugonu.
 45896 | Depths:1 | Found a one-way gate to the infinite horrors of the Abyss.
 45981 | Depths:2 | Reached skill level 13 in Conjurations
 46292 | Depths:2 | Reached skill level 14 in Conjurations
 46557 | Depths:3 | it's this stupid shit huh
 46557 | Depths:3 | but there are books here
 46657 | Depths:3 | no wait
 46657 | Depths:3 | this is something different
 46660 | Depths:3 | Paralysed by a sphinx for 3 turns
 46677 | Depths:3 | Noticed a juggernaut
 46709 | Depths:3 | Killed a juggernaut
 46709 | Depths:3 | Reached skill level 15 in Conjurations
 46886 | Depths:4 | Noticed Mennas
 46937 | Depths:4 | Killed Mennas
 46937 | Depths:4 | Reached skill level 16 in Conjurations
 47165 | Depths:4 | i can actually almost use it
 47165 | Depths:4 | meh
 47175 | Depths:4 | (the large shield)
 47259 | Depths:4 | Reached skill level 17 in Conjurations
 47397 | Depths:4 | >manual of conjurations
 47397 | Depths:4 | LET'S GO BABY
 47480 | Depths:5 | Entered Level 5 of the Depths
 47483 | Depths:5 | Noticed a juggernaut
 47492 | Depths:5 | Killed a juggernaut
 47492 | Depths:5 | Reached XP level 26. HP: 219/232 MP: 16/37
 47518 | Depths:5 | Reached skill level 18 in Conjurations
 47671 | Depths:5 | Reached skill level 19 in Conjurations
 47843 | Depths:5 | HP: 36/232 [yaktaur captain/bolt (28)]
 48136 | Depths:5 | Found a gate to the Realm of Zot.
 48168 | Depths:5 | Reached skill level 20 in Conjurations
 48197 | Depths:5 | Reached skill level 11 in Spellcasting
 48711 | Snake:4  | Learned a level 7 spell: Orb of Destruction
 49166 | Zot:1    | Entered Level 1 of the Realm of Zot
 49169 | Zot:1    | Noticed an orb of fire
 49169 | Zot:1    | wew lad
 49169 | Zot:1    | curse toe too
 49172 | Zot:1    | Lost mutation: Your mind is very acute. (Int +4) [an orb of fire]
 49174 | Depths:5 | sure
 49379 | Depths:5 | Reached skill level 1 in Earth Magic
 49382 | Depths:5 | Gained mutation: You do not regenerate when monsters are visible. [an orb of fire]
 49387 | Depths:5 | hm
 49387 | Depths:5 | i can't even harm it
 49429 | Depths:5 | Gained mutation: You possess an exceptional clarity of mind. [an orb of fire]
 49431 | Depths:5 | Gained mutation: You have supernaturally acute eyesight. (SInv) [an orb of fire]
 49449 | Depths:5 | Killed an orb of fire
 49449 | Depths:5 | Reached skill level 2 in Earth Magic
 49450 | Depths:5 | it actually gave me more good things than bad
 49617 | Zot:1    | Reached skill level 3 in Earth Magic
 49704 | Zot:1    | Reached skill level 4 in Earth Magic
 49988 | Zot:1    | Reached skill level 5 in Earth Magic
 50166 | Zot:2    | Reached skill level 12 in Spellcasting
 50166 | Zot:2    | Reached skill level 6 in Earth Magic
 50291 | Zot:1    | Reached skill level 7 in Earth Magic
 50434 | Zot:2    | Noticed an orb of fire
 50773 | Zot:2    | Gained mutation: Your spells are a little easier to cast, but a little less powerful. [an orb of fire]
 51002 | Zot:1    | Gained mutation: Your magical capacity is low. (-10% MP) [an orb of fire]
 51008 | Zot:1    | Lost mutation: You have supernaturally acute eyesight. (SInv) [an orb of fire]
 51018 | Zot:1    | Gained mutation: You have sharp toenails. [an orb of fire]
 51029 | Zot:1    | Killed an orb of fire
 51029 | Zot:1    | Reached skill level 13 in Spellcasting
 51029 | Zot:1    | Reached XP level 27. HP: 197/238 MP: 36/36
 51045 | Zot:1    | Learned a level 6 spell: Iron Shot
 51143 | Zot:2    | Reached skill level 8 in Earth Magic
 51454 | Zot:2    | Reached skill level 9 in Earth Magic
 51734 | Zot:1    | Reached skill level 10 in Earth Magic
 51822 | Zot:2    | Reached skill level 11 in Earth Magic
 52193 | Zot:2    | Reached skill level 12 in Earth Magic
 52569 | Zot:2    | Reached skill level 13 in Earth Magic
 52611 | Zot:3    | the fuck
 52614 | Zot:3    | geez
 52628 | Zot:3    | iron shot best shot
 52762 | Zot:3    | HP: 43/238 [storm dragon/bolt of lightning (20)]
 53210 | Depths:1 | Bought an uncursed amulet of magic regeneration for 450 gold pieces
 53355 | Zot:1    | Reached skill level 14 in Earth Magic
 53425 | Zot:2    | ok, apparently "you do not regenerate" only means HP
 53425 | Zot:2    | so MP regen amulet is fine
 53489 | Zot:3    | HP: 45/238 [golden dragon (20)]
 53737 | Zot:3    | Reached skill level 21 in Conjurations
 53990 | Zot:3    | Reached skill level 15 in Earth Magic
 54385 | Zot:3    | oh boy, this looks bad
 54839 | Zot:3    | Noticed an ancient lich
 54894 | Zot:3    | Killed an ancient lich
 54894 | Zot:3    | Reached skill level 13 in Dodging
 55125 | Zot:3    | wait
 55125 | Zot:3    | this isn't a summon?
 55125 | Zot:3    | the fuck
 55207 | Zot:3    | nope, it's not
 55207 | Zot:3    | an ice fiend in zot
 55252 | Zot:3    | Found a stormy altar of Qazlal.
 55289 | Zot:4    | oh boy another vault
 55301 | Zot:4    | vamp broad axe
 55301 | Zot:4    | bit late
 55491 | Zot:4    | Reached skill level 19 in Fighting
 55549 | Zot:4    | Reached skill level 21 in Invocations
 56107 | Zot:4    | soul eater
 56107 | Zot:4    | this is going to be interesting
 56242 | Zot:4    | >guardian mummy
 56313 | Zot:4    | Reached skill level 14 in Dodging
 56612 | Zot:5    | Entered Level 5 of the Realm of Zot
 56915 | Zot:5    | this linear layout has its definite advantages
 56954 | Zot:5    | Noticed an orb of fire
 56956 | Zot:5    | oh shit son
 56970 | Zot:5    | hmmmmmmmmmmmmmmmmmmmmmmm
 56970 | Zot:5    | i hoped this would work better
 56970 | Zot:5    | my full MP pool isn't enough to kill an orb with iron shot
 56973 | Zot:5    | Gained mutation: You are occasionally teleported next to monsters. [an orb of fire]
 56974 | Zot:5    | Gained mutation: You are weak. (Str -2) [an orb of fire]
 56976 | Zot:5    | Killed an orb of fire
 56977 | Zot:5    | Lost mutation: Your magical capacity is low. (-10% MP) [potion of mutation]
 56977 | Zot:5    | Lost mutation: Your spells are a little easier to cast, but a little less powerful. [potion of mutation]
 56977 | Zot:5    | Lost mutation: You do not regenerate when monsters are visible. [potion of mutation]
 56977 | Zot:5    | Gained mutation: You can translocate small distances at will. [potion of mutation]
 56977 | Zot:5    | Gained mutation: You are somewhat resistant to further mutation. [potion of mutation]
 56978 | Zot:5    | Lost mutation: Your flesh is cold resistant. (rC+) [potion of mutation]
 56978 | Zot:5    | Lost mutation: You are weak. (Str -2) [potion of mutation]
 56978 | Zot:5    | Lost mutation: You possess an exceptional clarity of mind. [potion of mutation]
 56978 | Zot:5    | Lost mutation: You are clumsy. (Dex -2) [potion of mutation]
 56978 | Zot:5    | Gained mutation: You have a pair of small antennae on your head. [potion of mutation]
 56979 | Zot:5    | GET RID OF TELEPORTITIS YOU LITTLE SHIT
 56979 | Zot:5    | Lost mutation: You have sharp toenails. [potion of mutation]
 56979 | Zot:5    | Lost mutation: You are somewhat resistant to further mutation. [potion of mutation]
 56979 | Zot:5    | Lost mutation: You can translocate small distances at will. [potion of mutation]
 56979 | Zot:5    | Lost mutation: You have a pair of small antennae on your head. [potion of mutation]
 56979 | Zot:5    | Gained mutation: Your spells are a little harder to cast, but a little more powerful. [potion of mutation]
 56979 | Zot:5    | Gained mutation: Your tail ends in a poisonous barb. [potion of mutation]
 56979 | Zot:5    | Gained mutation: You have a pair of small horns on your head. [potion of mutation]
 56980 | Zot:5    | are you kidding me
 56980 | Zot:5    | Lost mutation: Your tail ends in a poisonous barb. [potion of mutation]
 56980 | Zot:5    | Lost mutation: Your spells are a little harder to cast, but a little more powerful. [potion of mutation]
 56980 | Zot:5    | Lost mutation: You have a pair of small horns on your head. [potion of mutation]
 56980 | Zot:5    | Lost mutation: You are occasionally teleported next to monsters. [potion of mutation]
 56980 | Zot:5    | Gained mutation: You are robust. (+10% HP) [potion of mutation]
 56980 | Zot:5    | Gained mutation: You have an increased reservoir of magic. (+10% MP) [potion of mutation]
 57375 | Zot:5    | bolt of magma is surprisingly okay
 57451 | Zot:5    | Reached skill level 20 in Fighting
 57596 | Zot:5    | Noticed an orb of fire
 57596 | Zot:5    | Gained mutation: You are weak. (Str -2) [an orb of fire]
 57612 | Zot:5    | Gained mutation: You are very weak. (Str -4) [an orb of fire]
 57613 | Zot:5    | Gained mutation: You are clumsy. (Dex -2) [an orb of fire]
 57613 | Zot:5    | Gained mutation: You are occasionally teleported next to monsters. [an orb of fire]
 57615 | Zot:5    | great luck
 57615 | Zot:5    | Killed an orb of fire
 57627 | Zot:5    | Reached skill level 22 in Invocations
 57629 | Zot:5    | Lost mutation: You are occasionally teleported next to monsters. [potion of mutation]
 57629 | Zot:5    | Lost mutation: Your mind is acute. (Int +2) [potion of mutation]
 57629 | Zot:5    | Lost mutation: You are robust. (+10% HP) [potion of mutation]
 57629 | Zot:5    | Lost mutation: You are very weak. (Str -4) [potion of mutation]
 57629 | Zot:5    | Gained mutation: You are frail. (-10% HP) [potion of mutation]
 57629 | Zot:5    | Lost mutation: You are weak. (Str -2) [potion of mutation]
 57629 | Zot:5    | Gained mutation: Your tail ends in a poisonous barb. [potion of mutation]
 57630 | Zot:5    | great luck again
 57630 | Zot:5    | but at least i don't have the worst shit
 57651 | Zot:5    | Noticed an orb of fire
 57668 | Zot:5    | Gained mutation: You are very frail. (-20% HP) [an orb of fire]
 57669 | Zot:5    | Gained mutation: You are weak. (Str -2) [an orb of fire]
 57676 | Zot:5    | Killed an orb of fire
 57676 | Zot:5    | Reached skill level 15 in Dodging
 57709 | Zot:5    | Noticed an ancient lich
 57720 | Zot:5    | Killed an ancient lich
 57913 | Zot:5    | Noticed an orb of fire
 57926 | Zot:5    | Killed an orb of fire
 58419 | Zot:5    | Noticed an ancient lich
 58430 | Zot:5    | Paralysed by an ancient lich for 5 turns
 58439 | Zot:5    | Killed an ancient lich
 58538 | Zot:5    | Noticed an orb of fire
 58551 | Zot:5    | Killed an orb of fire
 58551 | Zot:5    | Reached skill level 21 in Fighting
 58850 | Zot:5    | Reached skill level 16 in Dodging
 58894 | Zot:5    | Noticed an ancient lich
 58921 | Zot:5    | Killed an ancient lich
 58949 | Zot:5    | Noticed an orb of fire
 58952 | Zot:5    | Gained mutation: You are very clumsy. (Dex -4) [an orb of fire]
 58953 | Zot:5    | Gained mutation: You expend magic power (3 MP) to strengthen your wands. [an orb of fire]
 58954 | Zot:5    | Killed an orb of fire
 58954 | Zot:5    | Reached skill level 23 in Invocations
 58978 | Zot:5    | Noticed an ancient lich
 59050 | Zot:5    | Killed an ancient lich
 59057 | Zot:5    | jesus fuck there's a lot of that shit running around
 59233 | Zot:5    | Noticed an ancient lich
 59244 | Zot:5    | Killed an ancient lich
 59452 | Zot:5    | oh well
 59452 | Zot:5    | let's do this already
 59452 | Zot:5    | Got the Orb of Zot
 59948 | D:6      | Noticed Tereroli the pandemonium lord
 59948 | D:6      | Paralysed by Tereroli for 5 turns
 59961 | D:6      | Paralysed by Tereroli for 4 turns
 59998 | D:5      | Lost mutation: You are very frail. (-20% HP) [potion of mutation]
 59998 | D:5      | Lost mutation: Your tail ends in a poisonous barb. [potion of mutation]
 59998 | D:5      | Lost mutation: You are very clumsy. (Dex -4) [potion of mutation]
 59998 | D:5      | Lost mutation: You have an increased reservoir of magic. (+10% MP) [potion of mutation]
 59998 | D:5      | Lost mutation: You are weak. (Str -2) [potion of mutation]
 59998 | D:5      | Lost mutation: You expend magic power (3 MP) to strengthen your wands. [potion of mutation]
 59998 | D:5      | Gained mutation: You have sharp fingernails. [potion of mutation]
 59999 | D:5      | Lost mutation: You are frail. (-10% HP) [potion of mutation]
 59999 | D:5      | Lost mutation: You are clumsy. (Dex -2) [potion of mutation]
 59999 | D:5      | Lost mutation: You have sharp fingernails. [potion of mutation]
 59999 | D:5      | Gained mutation: You are robust. (+10% HP) [potion of mutation]
 59999 | D:5      | Gained mutation: You occasionally shout uncontrollably at your foes. [potion of mutation]
 59999 | D:5      | Gained mutation: You are agile. (Dex +2) [potion of mutation]
 60089 | D:$      | Escaped with the Orb!

Vault maps used:
D:1:      shiori_arrival_elements
D:2:      old_standard_altar, grunt_qazlal_clouds
D:3:      serial_co_window_serial, co_window_paths_a,
          co_window_of_opportunity_a, co_window_paths_a, co_window_paths_a,
          co_window_corner_a, co_window_paths_a, co_window_corner_a,
          co_window_corner_cb, co_window_cross_4, co_window_broadway_b,
          co_window_broadway_c, co_window_cross_2, co_window_unsneaky_path_e,
          co_window_4corner_b, glass_columns_b, glass_columns_b,
          glass_columns_a, chequers_ecumenical_altar_simple_redux
D:4:      nicolae_overflow_hidden_temple, tso_metal_star, first_bread
D:5:      basic_altar
D:6:      lemuel_insect_pit, nemelex_xobeh_ov_fountains_minmay,
          dancing_weapons_uskayaw, overflow_temple_1_default,
          minmay_misc_feat_enclosed
D:7:      old_forge, led_sif_book, minmay_temple_entry_enclosed_plants,
          uniq_joseph
D:8:      grunt_lair_entry_orc_guard_hut, grunt_livestock
D:9:      zin_purify, nicolae_ashenzari_panopticon, serial_shops,
          nicolae_shop_statue_plus
D:10:     hangedman_incinerator, uniq_erica, uniq_josephine
D:12:     zombieorc2_lemuel, serial_shops, shop
D:13:     hangedman_vaults_entry_quadrant_bands
D:14:     minivault_4, basic_altar, chequers_big_river, uniq_urug, uniq_kirke
D:15:     grunt_enter_depths_hoard, bh_walls_and_bars,
          portal_ice_cave_demonic_guard, st_stairs_6,
          minmay_misc_feat_four_crosses, fedhas_altar_fruit_tree, uniq_roxanne
Lair:1:   minmay_holes, grunt_megastairs_3
Lair:2:   hangedman_what_comes_after_a, minmay_swamp_entry_eels,
          minmay_snake_entry_six_corridors, minmay_lair_oklob_bushes,
          minivault_27, hibernation_bobbens
Lair:3:   dragon1_lemuel, nicolae_volcano_entry_two_sided
Lair:5:   dpeg_slime_entry_enclosed_altar, serial_bayou_pond_a,
          beast_lair_carwin_4, lemuel_fruit_fields, lemuel_fruit_fields
Lair:6:   wormcave, hangedman_lair_caniforms_friends
Swamp:1:  hangedman_swamp_lotus, uniq_nikola
Swamp:2:  evilmike_swamp_ruin_house_6
Swamp:3:  evilmike_swamp_ruin_rubble_1, nicolae_swamp_oklob_treasure_island,
          infiniplex_staircase_pool
Swamp:4:  swamp_basic_johnstein, swamp_pool1, uniq_aizul
Snake:1:  grunt_megastairs_4
Snake:3:  nicolae_coiled_stairwell_down, uniq_bai_suzhen, uniq_azrael,
          uniq_jorgrun
Snake:4:  grunt_snake_rune_spirals
Slime:1:  cheibrodos_slime_lost_civilization_1
Orc:1:    basic_altar, uniq_snorg
Orc:2:    kennysheep_orc_mage_school, basic_altar, uniq_nessos, uniq_maurice,
          uniq_donald
Elf:1:    elf_arrival_001, serial_shops, shop, serial_corexii_hall,
          corexii_hall_statues_t, corexii_hall_statues_x, minmay_elf_demonology,
          hex_intersection, corexii_checkpoint_a, uniq_frances
Elf:2:    grunt_ministairs_12, nicolae_elf_big_sculpture_2,
          hangedman_elf_simple_split, nrook_mini_backslash
Elf:3:    grunt_elf_hall_spiral, basic_altar, hangedman_elf_targetted_burst
Vaults:1: grunt_vaults_funnel, vaults_dpeg_cross, v_rooms_2, vaults_dpeg_hooks,
          ontoclasm_vaults_hangar, vaults_room_grunt_arrival_ludios,
          hangedman_vaults_trim, ontoclasm_vaults_chip,
          nicolae_vaults_yaktaur_gun_rack, serial_shops, shop_statue,
          nicolae_shop_crystal, shop, nicolae_shop_trees, serial_glass
Vaults:2: v_rooms_5, vaults_mumra_lcd, vaults_room_stairs_pillars,
          nicolae_vaults_halls_meeting, minmay_crypt_entry_simple_corners,
          nicolae_vaults_ring_of_whatevers, v_misc_17,
          nicolae_vaults_ring_of_whatevers, vaults_mumra_hex,
          nicolae_vaults_theta, ontoclasm_vaults_decontamination,
          serial_hangedman_research, hangedman_research_electronics,
          hangedman_research_geology, uniq_saint_roka, uniq_frederick
Vaults:3: nicolae_vaults_network_barrier, hangedman_vaults_maws,
          nicolae_vaults_disjoint_gnomons, grunt_vaults_swirl, v_pattern_2,
          nicolae_vaults_shelves_hall, nicolae_vaults_ninety_degrees,
          nicolae_vaults_little_ls
Vaults:4: nicolae_vaults_diagonal_hallway_8, v_misc_26, hangedman_vaults_locks,
          nicolae_vaults_circle_grid_a, vaults_mumra_chevron_long, v_misc_16,
          ontoclasm_vaults_ring_square, v_pattern_4, ontoclasm_vaults_twist,
          v_misc_3, vaults_dpeg_doors, v_misc_12, nicolae_vaults_rhombus_5,
          grunt_vaults_hallway_long, v_misc_33,
          nicolae_vaults_ring_of_whatevers, grunt_vaults_focal,
          nicolae_vaults_little_squares_6, nicolae_vaults_angled_halls,
          ontoclasm_vaults_loading_screen, serial_shops, shop
Crypt:1:  serial_glass, glass_columns_a, glass_columns_b, due_unseen_surprise,
          minmay_strange_pillars, feat_on_display, minmay_misc_feat_rows
Crypt:3:  cryptofortress_bobbens, uniq_mara
Depths:1: abyss_entry_flame_altar, hangedman_geh_valley,
          hangedman_abyss_or_decor_lesser_grid, kennysheep_generic_room_12,
          serial_bayou_shore_b, minmay_shop_grove
Depths:2: grunt_twist_and_shout, abyss_entry, grunt_hell_entry_dis_grunt,
          hangedman_decor_peaks_small, grunt_pan_entry_sceptre,
          minmay_staircase_statues
Depths:3: box_level_dp, pan_entry, hell_entry, uniq_margery
Depths:4: minmay_the_grid_square_5x5_3x3, abyss_entry_small_statue_room,
          minmay_misc_feat_tower, hell_entry, uniq_mennas
Depths:5: grunt_zot_entry_gee_three, enter_ziggurat_d, lightli_too_deep
Zot:2:    cheibrodos_zot_enchanting_chambers, grunt_ministairs_3, st_stairs_9,
          st_large_dragon_hoard_2
Zot:3:    regret_index_qazlal_generations, st_small_dragon_hoard_2,
          grunt_ministairs_15
Zot:4:    hangedman_snap_crack_crunch
Zot:5:    grunt_ministairs_5
IceCv:    ice_cave_small_necro
Volcano:  volcano_pools

Skill      XL: |  1  2  3  4  5  6  7  8  9 10 11 12 13 14 15 16 17 18 19 20 21 22 23 24 25 26 27 |
---------------+----------------------------------------------------------------------------------+-----
Fighting       | 2 3 4 5 6 7 9 12 14 15 16 17 18 21 | 21.7
Shields        | 1 2 5 7 8 9 10 12 13 15 | 15.0
Maces & Flails | 1 4 6 9 10 11 12 14 | 14.0
Invocations    | 1 4 6 7 8 9 11 12 13 14 16 17 19 20 23 | 23.3
Dodging        | 2 6 7 8 9 10 11 12 16 | 16.6
Evocations     | 4 5 8 10 11 | 11.1
Charms         | 4 5 6 |  6.3
Necromancy     | 3 5 |  5.0
Translocations | 3 5 7 8 |  8.1
Spellcasting   | 4 6 8 10 13 | 13.0
Air Magic      | 3 |  3.0
Ice Magic      | 4 |  4.0
Summonings     | 7 9 |  9.0
Fire Magic     | 9 14 18 21 | 21.1
Conjurations   | 4 12 17 20 21 | 21.2
Earth Magic    | 7 15 | 15.0
Short Blades   | |  1.0
Stealth        | |  0.8

Action                   |  1- 3 |  4- 6 |  7- 9 | 10-12 | 13-15 | 16-18 | 19-21 | 22-24 | 25-27 || total
-------------------------+-------+-------+-------+-------+-------+-------+-------+-------+-------++-------
Melee: Short sword       |   155 |   111 |       |       |       |       |       |       |       ||   266
       Tailslap          |    13 |    27 |    43 |   128 |   254 |   325 |   443 |   628 |   682 ||  2543
       Mace              |       |   110 |    52 |       |       |       |       |       |       ||   162
       Flail             |       |       |   321 |   950 |   402 |       |       |       |       ||  1673
       Demon whip        |       |       |       |       |  1122 |  1848 |  2037 |  2628 |  2969 || 10604
Throw: Stone             |    21 |    11 |       |       |       |       |       |       |       ||    32
       Tomahawk          |       |     6 |     4 |     8 |       |       |       |       |       ||    18
       Throwing net      |       |       |       |       |       |       |       |     3 |     3 ||     6
 Cast: Regeneration      |       |       |       |       |       |    47 |    86 |   156 |   190 ||   479
       Ozocubu's Armour  |       |       |       |       |       |       |    40 |    65 |    66 ||   171
       Blink             |       |       |       |       |       |       |     2 |     9 |     9 ||    20
       Aura of Abjuratio |       |       |       |       |       |       |    11 |    15 |     8 ||    34
       Passage of Golubr |       |       |       |       |       |       |     1 |     6 |     2 ||     9
       Song of Slaying   |       |       |       |       |       |       |       |     2 |       ||     2
       Ignition          |       |       |       |       |       |       |       |    19 |    95 ||   114
       Bolt of Magma     |       |       |       |       |       |       |       |    17 |   119 ||   136
       Apportation       |       |       |       |       |       |       |       |       |     5 ||     5
       Orb of Destructio |       |       |       |       |       |       |       |       |     3 ||     3
       Iron Shot         |       |       |       |       |       |       |       |       |   141 ||   141
Invok: Upheaval          |       |       |     3 |     8 |    15 |    28 |    20 |    13 |     1 ||    88
       Elemental Force   |       |       |       |     4 |     2 |     4 |     1 |     3 |     1 ||    15
       Disaster Area     |       |       |       |       |       |       |       |     4 |     1 ||     5
 Abil: Breathe Fire      |       |       |    27 |    63 |    44 |    18 |    17 |     8 |    18 ||   195
       Evoke Invisibilit |       |       |       |       |     2 |     1 |       |       |       ||     3
Evoke: Wand              |     5 |     9 |    14 |    39 |    34 |    44 |    13 |    13 |    35 ||   206
       Lightning rod     |       |       |       |       |       |     4 |     8 |       |       ||    12
       Lamp of fire      |       |       |       |       |       |       |       |     1 |     4 ||     5
       Box of beasts     |       |       |       |       |       |       |       |     1 |       ||     1
       Phantom mirror    |       |       |       |       |       |       |       |     1 |       ||     1
       Phial of floods   |       |       |       |       |       |       |       |       |     1 ||     1
  Use: Scroll            |       |     4 |     6 |     9 |    24 |     9 |    12 |    13 |    21 ||    98
       Potion            |       |       |     1 |     3 |     1 |     2 |     5 |    12 |    29 ||    53
 Stab: Sleeping          |     3 |       |       |       |       |       |       |       |       ||     3
       Paralysed         |     3 |       |     3 |       |     2 |       |       |       |       ||     8
       Confused          |       |       |       |       |     2 |     3 |     1 |    10 |    17 ||    33
       Invisible         |       |       |       |       |    12 |     2 |       |       |       ||    14
       Distracted        |       |       |       |       |       |     3 |     1 |     3 |     1 ||     8
       Held in net/web   |       |       |       |       |       |       |       |     5 |     1 ||     6
  Eat: Chunk             |     1 |     8 |    17 |    30 |    37 |    15 |    30 |     8 |    88 ||   234
       Fruit             |       |       |       |     2 |       |    21 |     3 |       |       ||    26
       Royal jelly       |       |       |       |     1 |       |     4 |     2 |    14 |     1 ||    22
       Bread ration      |       |       |       |       |       |       |       |     5 |    12 ||    17
Armor: Skin              |    38 |    88 |   116 |   182 |   160 |   128 |    98 |   379 |   512 ||  1701
Dodge: Dodged            |   108 |   150 |   192 |   254 |   387 |   407 |   506 |   786 |  1183 ||  3973
       Deflected         |       |       |       |     7 |     8 |    54 |    21 |    38 |    67 ||   195
Block: Other             |       |     9 |    39 |       |       |       |       |       |       ||    48
       Shield            |       |       |    25 |   753 |  1120 |  1061 |  1314 |  1866 |  2024 ||  8163
       Reflection        |       |       |       |       |    13 |   122 |   139 |    73 |    68 ||   415
